 Dungeon Crawl Stone Soup version 0.30.0-30-g96aa6591b8 (webtiles) character file.

Game seed: 14366502479654145209

991 cdecastro the Trooper (level 7, -1/76 HPs)
             Began as a Troll Fighter on June 30, 2023.
             Was an Initiate of Makhleb.
             Slain by Dowan
             ... wielding a +0 dagger
              (4 damage)
             ... on level 6 of the Dungeon.
             The game lasted 00:05:09 (4014 turns).

cdecastro the Trooper (Troll Fighter)               Turns: 4014, Time: 00:05:10

Health: -1/76      AC:  4    Str: 25    XL:     7   Next: 98%
Magic:  15/15      EV: 10    Int:  4    God:    Makhleb [......]
Gold:   192        SH:  0    Dex: 11    Spells: 6/6 levels left

rFire   . . .        l - +7 Throatcutter {drain, coup de grace}
rCold   . . .        (no shield)
rNeg    . . .        a - +0 robe
rPois   .            (helmet restricted)
rElec   .            (no cloak)
rCorr   .            (gloves unavailable)
SInv    .            (boots unavailable)
Will    .....        d - amulet of the acrobat
Stlth   +            i - ring of magical power
HPRegen 1.12/turn    (no ring)
MPRegen 0.14/turn

%: acrobat
@: no status effects
A: large, unfitting armour, claws 3, regeneration 1, shaggy fur 1, tough skin 1
a: Renounce Religion


You were on level 6 of the Dungeon.
You worshipped Makhleb.
Makhleb was noncommittal.
You visited 1 branch of the dungeon, and saw 6 of its levels.

You collected 192 gold pieces.

Inventory:

Hand Weapons
 l - the +7 Throatcutter (weapon) {drain, coup de grace}
   (You took it off Terence on level 1 of the Dungeon)
Missiles
 v - a throwing net (quivered)
 w - 3 curare-tipped darts
Armour
 a - a +0 robe (worn)
 b - a +0 kite shield
Jewellery
 d - an amulet of the acrobat (around neck)
 i - a ring of magical power (left claw)
 p - a +6 ring of strength
 s - a +5 ring of evasion
Scrolls
 f - 2 scrolls of enchant weapon {unknown}
 g - 5 scrolls of teleportation {unknown}
 h - 5 scrolls of identify {unknown}
 j - a scroll of immolation {unknown}
 k - a scroll of blinking {unknown}
 m - 3 scrolls of summoning {unknown}
 n - 2 scrolls of enchant armour {unknown}
Potions
 c - 2 potions of might
 e - 3 potions of heal wounds {unknown}
 o - a potion of brilliance {unknown}
 q - a potion of flight {unknown}
 r - 3 potions of curing {unknown}
 t - a potion of haste {unknown}
 u - a potion of degeneration {unknown}


   Skills:
 * Level 6.7 Fighting
 - Level 2.4 Dodging
 - Level 2.6 Shields
 + Level 5.6 Unarmed Combat


You had 6 spell levels left.
You didn't know any spells.
Your spell library contained the following spells:

 Spells                   Type           Power      Damage    Failure   Level
 Freeze                   Ice            0%         1d3       50%         1
 Lesser Beckoning         Tloc           0%         N/A       65%         2
 Frozen Ramparts          Ice            0%         1d1       86%         3
 Gell's Gravitas          Tloc           0%         N/A       86%         3
 Hailstorm                Conj/Ice       0%         3d3       86%         3
 Ignite Poison            Fire/Tmut/Pois 0%         N/A       86%         3
 Teleport Other           Tloc           0%         N/A       86%         3
 Ice Form                 Ice/Tmut       0%         N/A       99%         4
 Sticky Flame             Conj/Fire      0%         2d3       99%         4
 Summon Ice Beast         Ice/Summ       0%         N/A       99%         4
 Ignition                 Fire           0%         3d3       100%        8


Dungeon Overview and Level Annotations

Branches:
Dungeon (6/15)
 Temple: D:4-7

Altars:
Gozag
Makhleb
Nemelex Xobeh
Yredelemnul

Shops:
D:5 (

Annotations:
D:6 Dowan


Innate Abilities, Weirdness & Mutations

You are too large for most types of armour.
You have claws for hands.
Your natural rate of healing is unusually fast.
You are covered in fur. (AC +1)
You have tough skin. (AC +1)


Message History

Dowan misses you.
The white imp hits you but does no damage.
Unknown command.
You closely miss Dowan.
Dowan mumbles some strange words.
Dowan blinks!
The white imp gestures at you. The puff of frost hits you!
* * * LOW HITPOINT WARNING * * *
Unknown command.
Dowan points at you and mumbles some strange words.
The shard of ice hits you!!
* * * LOW HITPOINT WARNING * * *
Unknown command.
Dowan gestures wildly while chanting.
Dowan blinks!
The white imp gestures at you. The puff of frost hits you.
* * * LOW HITPOINT WARNING * * *
Unknown command.
Dowan attacks as you move away! Dowan completely misses you.
Dowan casts a spell.
Dowan blinks!
Unknown command.
The white imp gestures at you. The puff of frost hits you!
* * * LOW HITPOINT WARNING * * *
Dowan mumbles some strange words.
Dowan blinks!
Unknown command.
The white imp attacks as you move away! The white imp closely misses you.
You hit the white imp but do no damage.
You behead the white imp!
You kill the white imp!
Makhleb accepts your kill. Dowan hits you with a +0 dagger.
* * * LOW HITPOINT WARNING * * *
You barely miss Dowan. Dowan hits you with a +0 dagger.
* * * LOW HITPOINT WARNING * * *
Dowan hits you with a +0 dagger.
You die...

.#.#.....##########
#.#.........#
#...........#
#.....:.....#
#.?........)#
...#.....e...#
...#.........#
...######....###
.......@e........
.................
..############.##
... ##.


You could see Dowan (fast).

Vanquished Creatures
  Duvessa (D:6)
  An ice beast (D:6)
  2 black bears
  A phantom (D:5)
  A scorpion (D:5)
  A hound (D:5)
  2 orc priests (D:3)
  3 jellies (D:5)
  Jessica (D:2)
  Terence (D:1)
  An orc wizard (D:3)
  2 iguanas
  5 adders
  7 gnolls
  A white imp (D:6)
  A worm (D:2)
  A dart slug (D:1)
  3 orcs (D:3)
  6 ball pythons
  11 endoplasms
  A giant cockroach (D:4)
  5 goblins
  4 hobgoblins (D:1)
  2 quokkas
  5 frilled lizards
  6 kobolds
  2 rats
77 creatures vanquished.

Notes
Turn   | Place    | Note
-------+----------+-------------------------------------------
     0 | D:1      | cdecastro the Troll Fighter began the quest for the Orb.
     0 | D:1      | Reached XP level 1. HP: 22/22 MP: 0/0
   447 | D:1      | Reached XP level 2. HP: 29/29 MP: 1/1
   670 | D:1      | Reached skill level 3 in Fighting
   956 | D:2      | Noticed Terence
   968 | D:1      | Killed Terence
   969 | D:1      | Reached XP level 3. HP: 17/37 MP: 2/2
  1259 | D:2      | Reached XP level 4. HP: 48/48 MP: 3/3
  1274 | D:2      | Noticed Jessica
  1283 | D:2      | Killed Jessica
  1284 | D:2      | Reached skill level 4 in Fighting
  1995 | D:3      | Reached XP level 5. HP: 46/54 MP: 4/4
  2294 | D:3      | Found a basalt altar of Yredelemnul.
  2294 | D:3      | Found a burning altar of Makhleb.
  2295 | D:3      | Found an opulent altar of Gozag.
  2303 | D:3      | Became a worshipper of Makhleb the Destroyer
  2766 | D:4      | Reached XP level 6. HP: 63/65 MP: 5/5
  2805 | D:4      | Found a sparkling altar of Nemelex Xobeh.
  2832 | D:4      | Reached skill level 5 in Fighting
  3104 | D:5      | Entered Level 5 of the Dungeon
  3275 | D:5      | Reached XP level 7. HP: 65/74 MP: 6/6
  3460 | D:5      | Found Jiusuu's Antique Weapon Emporium.
  3473 | D:5      | Reached skill level 6 in Fighting
  3571 | D:5      | Reached skill level 5 in Unarmed Combat
  3994 | D:6      | Noticed Duvessa
  3996 | D:6      | Noticed Dowan
  4000 | D:6      | Killed Duvessa
  4009 | D:6      | HP: 2/76 [white imp/puff of frost (9)]
  4014 | D:6      | HP: 3/76 [Dowan/+0 dagger (5)]
  4014 | D:6      | Slain by Dowan

Illustrated notes

Levels and vault maps discovered:
D:1:      onia_arrival_mini_maze_b, layout_basic, minmay_misc_feat_roman,
          hangedman_decor_push
D:2:      layout_loops_cross, serial_rivers, chequers_serial_rivers_room_a,
          chequers_serial_rivers_large_a, chequers_serial_rivers_small_b,
          chequers_serial_rivers_large_b, chequers_serial_rivers_small_b,
          chequers_serial_rivers_micro_d, grunt_decor_junction, uniq_jessica,
          uniq_terence
D:3:      layout_loops_corners, gammafunk_temple_overflow_forgotten
D:4:      layout_rooms, kennysheep_mini_moat
D:5:      layout_basic, serial_shops, nicolae_shop_dealshenge
D:6:      layout_basic, minmay_temple_entry_statues_pillars, uniq_edmund,
          uniq_sigmund, uniq_duvessa

Skill      XL: |  1  2  3  4  5  6  7 |
---------------+----------------------+-----
Fighting       | 3 4 5 6 |  6.7
Unarmed Combat | 3 4 5 |  5.6
Dodging        | |  2.4
Shields        | |  2.6

Action                     |  1- 3 |  4- 6 |  7- 9 || total
---------------------------+-------+-------+-------++-------
  Melee: Unarmed           |    41 |       |       ||    41
         Long sword        |    16 |    83 |    28 ||   127
   Stab: Sleeping          |       |     3 |       ||     3
 Armour: Robe              |     3 |    17 |     9 ||    29
  Dodge: Dodged            |    24 |    51 |    24 ||    99
  Block: Kite shield       |     7 |       |       ||     7
